 Dungeon Crawl Stone Soup version 0.20.1-1-g8b1a95d (webtiles) character file.

409 dohliylev the Covert (level 6, 0/63 HPs)
             Began as a Vampire Enchanter on July 9, 2017.
             Slain by Chrigeo's ghost (14 damage)
             ... on level 4 of the Dungeon.
             The game lasted 00:20:42 (3706 turns).

dohliylev the Covert (Vampire Enchanter)            Turns: 3706, Time: 00:20:43

Health: 0/63       AC:  2    Str: 12    XL:     6   Next: 58%
Magic:  10/10      EV: 17    Int: 18    God:
Gold:   213        SH:  0    Dex: 16    Spells: 7/10 levels left

rFire    . . .     SeeInvis +   a - +1 dagger
rCold    . . .     Gourm    .   (no shield)
rNeg     . . .     Faith    .   b - +0 robe
rPois    +         Spirit   .   (no helmet)
rElec    .         Reflect  .   (no cloak)
rCorr    .         Harm     .   (no gloves)
MR       .....                  (no boots)
Stlth    ..........             j - amulet of rage
Regen    0.4/turn               n - +4 ring of evasion
MPRegen  0.2/turn               k - ring of poison resistance

@: berserking (expiring), regenerating quickly, very quick
A: fangs 3, see invisible, unbreathing
a: Evoke Berserk Rage


You were on level 4 of the Dungeon.
You were very full.

You visited 1 branch of the dungeon, and saw 4 of its levels.

You collected 213 gold pieces.

Inventory:

Hand Weapons
 a - a +1 dagger (weapon)
Armour
 b - a +0 robe (worn)
Jewellery
 g - a +2 ring of strength
 j - an amulet of rage (around neck)
 k - a ring of poison resistance (right hand)
 m - an uncursed ring of flight
 n - a +4 ring of evasion (left hand)
Wands
 p - a wand of random effects (6/48)
 s - a wand of random effects (40/48)
 u - a wand of enslavement (14/24)
 w - a wand of disintegration (12/24)
Scrolls
 f - 2 scrolls of identify {unknown}
 l - 2 scrolls of remove curse {unknown}
 q - a scroll of immolation {unknown}
 x - a scroll of magic mapping {unknown}
Potions
 d - 7 potions of blood
 e - 2 potions of agility {unknown}
 h - 2 potions of curing {unknown}
 i - 2 potions of flight {unknown}
 o - a potion of cancellation {unknown}
 r - a potion of brilliance {unknown}
 t - 2 potions of heal wounds {unknown}
 v - a potion of invisibility
Books
 c - a book of Maledictions

   Spells                             Type                      Level
   a - Corona                         Hexes                        1
   b - Ensorcelled Hibernation        Hexes/Ice                    2
   c - Confuse                        Hexes                        3
   d - Tukima's Dance                 Hexes                        3
   e - Dazzling Spray                 Conjuration/Hexes            3


   Skills:
 - Level 0.6 Fighting
 - Level 2.7 Short Blades
 - Level 2.3 Dodging
 * Level 9.2 Stealth
 - Level 2.6 Spellcasting
 - Level 5.5 Hexes
 - Level 1.1 Ice Magic


You had 7 spell levels left.
You knew the following spells:

 Your Spells              Type           Power        Failure   Level  Hunger
a - Corona                Hex            ###....      1%          1    #......
b - Ensorcelled Hibernat  Hex/Ice        ##....       7%          2    ##.....


Dungeon Overview and Level Annotations

Branches:
Dungeon (4/15)
 Temple: D:4-7

Altars:
Cheibriados

Annotations:
D:4 Chrigeo's ghost, novice GrFi


Innate Abilities, Weirdness & Mutations

Your natural rate of healing is unusually fast.
You have razor-sharp teeth.
You have supernaturally acute eyesight. (SInv)
You can survive without breathing.


Message History

You bite Chrigeo's ghost!
Chrigeo's ghost is severely damaged.
You barely miss Chrigeo's ghost.
Chrigeo's ghost is severely damaged.
Chrigeo's ghost hits you.
You barely miss Chrigeo's ghost.
Chrigeo's ghost is severely damaged.
You hit Chrigeo's ghost but do no damage.
Chrigeo's ghost is severely damaged.
Chrigeo's ghost misses you.
You hit Chrigeo's ghost.
Chrigeo's ghost is almost destroyed.
Chrigeo's ghost hits you!
* * * LOW HITPOINT WARNING * * *
You closely miss Chrigeo's ghost.
Chrigeo's ghost is almost destroyed.
You hit Chrigeo's ghost but do no damage.
Chrigeo's ghost is almost destroyed.
Chrigeo's ghost hits you!
You die...

####.#.#.## #÷#
..........###### #.#
##..##.........# #.#
##..##.#..####.# #<#
##.#.#.#%## #.# #.#
...##....# #.### #.#
##.###.#.# #.÷.# #.#
#.# #.#.# ###.# #.#
#.# #.#.# #@# #.# #.#
#.#.# #W# #.#
##.###.#.#######÷# #.#
.................####
#.#
...###.#...#####....##
#.# ...#
#.#...####.(###.## #.#
..## #.......#..##
##.###.# .##
#..........# #.....# .
#.......#..## ##.#####


You could see Chrigeo's ghost.

Vanquished Creatures
  Terence (D:3)
  Natasha (thrice) (D:3)
  4 worker ants (D:4)
  5 gnolls (D:4)
  7 adders
  2 oozes
  An adder skeleton (D:4)
  3 worms
  4 dart slugs
  2 leopard geckos
  An orc (D:4)
  2 giant cockroaches
  6 hobgoblins
  4 jackals
  6 kobolds
  5 quokkas
  6 bats
  12 frilled lizards
  8 goblins
  6 rats
88 creatures vanquished.

Notes
Turn   | Place    | Note
-------+----------+-------------------------------------------
     0 | D:1      | dohliylev the Vampire Enchanter began the quest for the Orb.
     0 | D:1      | Reached XP level 1. HP: 13/13 MP: 3/3
   433 | D:1      | Reached XP level 2. HP: 3/19 MP: 5/5
   832 | D:1      | Learned a level 2 spell: Ensorcelled Hibernation
  1212 | D:1      | Reached skill level 5 in Stealth
  1354 | D:2      | Reached XP level 3. HP: 24/24 MP: 6/6
  1601 | D:2      | Reached skill level 6 in Stealth
  1665 | D:2      | Reached XP level 4. HP: 30/30 MP: 7/7
  2270 | D:3      | Found a snail-covered altar of Cheibriados.
  2303 | D:3      | Noticed Terence
  2311 | D:3      | Killed Terence
  2311 | D:3      | Reached skill level 5 in Hexes
  2358 | D:3      | Reached XP level 5. HP: 35/35 MP: 8/8
  2459 | D:3      | Noticed Natasha
  2464 | D:3      | Killed Natasha
  2464 | D:3      | Reached skill level 7 in Stealth
  2602 | D:3      | Noticed Natasha
  2607 | D:3      | Killed Natasha
  2693 | D:3      | Noticed Natasha
  2722 | D:3      | Killed Natasha
  2722 | D:3      | Reached skill level 1 in Ice Magic
  3116 | D:4      | Reached XP level 6. HP: 42/42 MP: 10/10
  3132 | D:4      | Noticed Chrigeo's ghost (novice GrFi)
  3274 | D:4      | Reached skill level 8 in Stealth
  3381 | D:4      | Reached skill level 9 in Stealth
  3706 | D:4      | Slain by Chrigeo's ghost

Skill      XL: |  1  2  3  4  5  6 |
---------------+-------------------+-----
Stealth        | 5 6 7 9 |  9.2
Short Blades   | 2 |  2.7
Hexes          | 5 |  5.5
Ice Magic      | 1 |  1.1
Fighting       | |  0.6
Dodging        | |  2.3
Spellcasting   | |  2.6

Action                   |  1- 3 |  4- 6 || total
-------------------------+-------+-------++-------
Melee: Dagger            |    90 |   147 ||   237
       Bite              |     9 |    13 ||    22
 Cast: Corona            |    11 |     3 ||    14
       Ensorcelled Hiber |     7 |    33 ||    40
 Abil: Evoke Berserk Rag |       |     2 ||     2
       End Transformatio |       |     1 ||     1
       Bat Form          |       |     1 ||     1
  Use: Potion            |       |    16 ||    16
 Stab: Sleeping          |    15 |    32 ||    47
  Eat: Corpse            |     3 |     2 ||     5
Armor: Robe              |    19 |     7 ||    26
Dodge: Dodged            |    49 |   108 ||   157
